 Dungeon Sprint DCSS version 0.29.1-15-g9cfb28693d (webtiles) character file.

Game seed: 15271180343336171461

56 Groucho the Ducker (level 3, 0/15 (16) HPs)
             Began as a Spriggan Earth Elementalist on Mar 4, 2023.
             Slain by a necrophage (3 damage)
             ... in the Dungeon (Sprint II: "The Violet Keep of Menkaure").
             The game lasted 00:00:49 (21 turns).

Groucho the Ducker (Spriggan Earth Elementalist)      Turns: 21, Time: 00:00:50

HP:   0/15 (16)     AC:  2    Str:  4    XL:     3   Next: 71%
MP:   3/10          EV: 19    Int: 18    God:
Gold: 0             SH:  0    Dex: 15    Spells: 11/12 levels left

rFire   . . .      SeeInvis +   (weapon restricted)
rCold   . . .      Faith    .   (no shield)
rNeg    . . .      Spirit   .   a - +0 robe
rPois   .          Reflect  .   (helmet restricted)
rElec   .          Harm     .   (no cloak)
rCorr   .          Rampage  .   (gloves unavailable)
Will    .....      NoTele   +   (boots unavailable)
Stlth   ++........              (no amulet)
HPRegen 0.05/turn               (no ring)
MPRegen 0.12/turn               (no ring)

@: on berserk cooldown, slowed, drained, quick
A: very small, no large weapons, unfitting armour, see invisible, speed 3
a: no special abilities


You were in the Dungeon.
You visited 1 branch

Inventory:

Armour
 a - a +0 robe (worn)
Scrolls
 g - a scroll of blinking
Potions
 b - 3 potions of magic
 c - a potion of curing
 d - a potion of heal wounds
 e - a potion of haste


   Skills:
 + Level 5.4 Dodging
 - Level 3.0 Stealth
 + Level 5.1 Spellcasting
 + Level 4.9 Transmutations
 + Level 4.2 Earth Magic


You had 11 spell levels left.
You knew the following spells:

 Your Spells              Type           Power      Damage    Failure   Level
a - Sandblast             Erth           40%        2d10      2%          1

Your spell library contained the following spells:

 Spells                   Type           Power      Damage    Failure   Level
 Passwall                 Tmut/Erth      17%        N/A       3%          2
 Stone Arrow              Conj/Erth      24%        3d8       16%         3
 Petrify                  Tmut/Erth      21%        N/A       21%         4


Dungeon Overview and Level Annotations

Branches:
Dungeon (1/1)

Altars:


Innate Abilities, Weirdness & Mutations

You are very small and have problems with some larger weapons.
You are too small for most types of armour.
You have supernaturally acute eyesight. (SInv)
You cover ground extremely quickly. (Speed+++)


Message History

You punch the necrophage!
You destroy the necrophage!
Your life force feels restored.
Your Dodging skill gained 3 levels and is now at level 5!
Your Spellcasting skill gained 3 levels and is now at level 5!
Your Transmutations skill gained 3 levels and is now at level 4!
Your Earth Magic skill gained 2 levels and is now at level 4!
You have reached level 2!
You have reached level 3!
Your experience leads to an increase in your attributes!
Increase (S)trength, (I)ntelligence, or (D)exterity?
You feel clever. x2
Unknown command.
You hit the necrophage but do no damage.
The necrophage hits you!
* * * LOW HITPOINT WARNING * * *
You feel drained.
* * * LOW HITPOINT WARNING * * *
You are too injured to fight recklessly!
You are too injured to fight recklessly!
You are too injured to fight recklessly!
You are too injured to fight recklessly!
Unknown command.
You completely miss the necrophage. You closely miss the necrophage.
The necrophage completely misses you.
You closely miss the necrophage. The necrophage completely misses you.
You hit the necrophage.
The necrophage is lightly damaged.
You hit the necrophage. You punch the necrophage!
The necrophage is heavily damaged.
The necrophage barely misses you.
You hit the necrophage.
The necrophage is severely damaged.
You are no longer berserk.
You are exhausted.
You feel yourself slow down. The necrophage closely misses you.
You barely miss the necrophage.
The necrophage is severely damaged.
The necrophage hits you.
You die...

## ## ##.
$## .B B.
.#. # #+#
.##
##.##...#
+.<@nn#
##.##n..#
#+# .## #


You could see 3 necrophages.

Vanquished Creatures
  A necrophage (D)
1 creature vanquished.

Notes
Turn   | Place    | Note
-------+----------+-------------------------------------------
     0 | D        | Groucho the Spriggan Earth Elementalist began the quest for
                  | the Orb.
     0 | D        | Reached XP level 1. HP: 9/9 MP: 5/5
     1 | D        | Noticed a boulder beetle
     1 | D        | Noticed a boulder beetle
     4 | D        | Noticed a necrophage
     4 | D        | Noticed a necrophage
     4 | D        | Noticed a necrophage
     4 | D        | Noticed a necrophage
    12 | D        | Killed a necrophage
    13 | D        | Reached skill level 5 in Dodging
    13 | D        | Reached skill level 5 in Spellcasting
    13 | D        | Reached XP level 2. HP: 11/13 MP: 2/9
    13 | D        | Reached XP level 3. HP: 14/16 MP: 2/10
    21 | D        | Slain by a necrophage

Illustrated notes

Levels and vault maps discovered:
D:        the_violet_keep_of_menkaure [sprint2_stairs_cluster_1,
          sprint2_shoproom, sprint2_temple, sprint2_basic_supplies,
          sprint2_obstacle_7, sprint2_obstacle_6, sprint2_obstacle_4,
          sprint2_obstacle_1, sprint2_obstacle_5, sprint2_timed_cluster_1,
          sprint2_smallroom_cluster_1, sprint2_smallroom_final_cluster_1,
          sprint2_transparent_cluster_1, sprint2_second_timed_cluster_1,
          sprint2_sniper_area_1, sprint2_heavy_combat_area_1,
          sprint2_mutation_trap_area_1, sprint2_forest_area_1,
          sprint2_light_combat_area_1, sprint2_behind_water_1,
          sprint2_near_end_vault_1]

Skill      XL: |  1 |
---------------+----+-----
Dodging        | 5 |  5.4
Spellcasting   | 5 |  5.1
Transmutations | 4 |  4.9
Earth Magic    | 4 |  4.2
Stealth        | |  3.0

Action                   || total
-------------------------++-------
Melee: Unarmed           ||    12
       Punch             ||     1
 Cast: Sandblast         ||     3
  Use: Potion            ||     1
Armor: Robe              ||     1
Dodge: Dodged            ||     8
